TOP OF THE 1ST |
Portland Sea Dogs batting - Pitching for Frisco RoughRiders : RHP Jeff Kidd
|
Pitching: RHP Jeff Kidd
|
|
Batting: LHB Dave Reyes
|
0-0: Called Strike 0-1: Called Strike 0-2: Strikes out looking
|
Batting: LHB Sergio Tinoco
|
0-0: Ball 1-0: Ball 2-0: Called Strike 2-1: Foul Ball, location: 2F 2-2: Ball 3-2: Strikes out swinging
|
Batting: RHB Ernie Genier
|
0-0: Ball 1-0: Ground out 6-3 (Groundball, 6, EV 76.2 MPH)
|
Top of the 1st over - 0 runs, 0 hits, 0 errors, 0 left on base; Portland 0 - Frisco 0 |
BOTTOM OF THE 1ST |
Frisco RoughRiders batting - Pitching for Portland Sea Dogs : RHP John LaMotte
|
Pitching: RHP John LaMotte
|
|
Batting: LHB Pauli Gassinger
|
0-0: Foul Ball, location: 2F 0-1: Called Strike 0-2: Ball 1-2: Ball 2-2: Foul Ball, location: 2F 2-2: Foul Ball, location: 2F 2-2: Ground out 6-3 (Groundball, 6M, EV 86.2 MPH)
|
Batting: LHB Yasahiko Teshima
|
0-0: Ground out 3-1 (Groundball, 3S, EV 65.0 MPH)
|
Batting: LHB Alfonso Collazo
|
0-0: Called Strike 0-1: Ball 1-1: Ground out 6-3 (Groundball, 4, EV 89.4 MPH)
|
Bottom of the 1st over - 0 runs, 0 hits, 0 errors, 0 left on base; Portland 0 - Frisco 0 |
TOP OF THE 2ND |
Portland Sea Dogs batting - Pitching for Frisco RoughRiders : RHP Jeff Kidd
|
Batting: LHB David Moore
|
0-0: Called Strike 0-1: Ball 1-1: Ball 2-1: Foul Ball, location: 2F 2-2: Ball 3-2: Base on Balls
|
Batting: RHB Travis Campbell
|
0-0: Swinging Strike 0-1: Swinging Strike 0-2: Grounds into double play, 6-4-3 (Groundball, 6, EV 103.1 MPH)
|
Batting: RHB Alex Melendez
|
0-0: Fly out, F7 (Flyball, 78M, EV 91.9 MPH)
|
Top of the 2nd over - 0 runs, 0 hits, 0 errors, 0 left on base; Portland 0 - Frisco 0 |
BOTTOM OF THE 2ND |
Frisco RoughRiders batting - Pitching for Portland Sea Dogs : RHP John LaMotte
|
Batting: RHB Sean Neuroth
|
0-0: Called Strike 0-1: Ball 1-1: Ground out 4-3 (Groundball, 4, EV 95.0 MPH)
|
Batting: RHB Joe Kemp
|
0-0: Ball 1-0: Foul Ball, location: 2F 1-1: Ball 2-1: Swinging Strike 2-2: Strikes out swinging
|
Batting: RHB Matt Sanders
|
0-0: Ground out 5-3 (Groundball, 5, EV 81.2 MPH)
|
Bottom of the 2nd over - 0 runs, 0 hits, 0 errors, 0 left on base; Portland 0 - Frisco 0 |
TOP OF THE 3RD |
Portland Sea Dogs batting - Pitching for Frisco RoughRiders : RHP Jeff Kidd
|
Batting: RHB Miguel Villanueva
|
0-0: Ball 1-0: Foul Ball, location: 2F 1-1: SINGLE (Groundball, 4MS, EV 70.6 MPH) (infield hit)
|
Batting: SHB Gus Cruz
|
0-0: Ball Miguel Villanueva is caught stealing 2nd base 2-6 1-0: Ground out 4-3 (Groundball, 4, EV 100.0 MPH)
|
Batting: RHB Frank Sokolosky
|
0-0: Ball 1-0: Swinging Strike 1-1: Ball 2-1: TRIPLE (Flyball, 89XD, EV 95.6 MPH)
|
Batting: LHB Dave Reyes
|
0-0: Ball 1-0: Fly out, F8 (Flyball, 8RM, EV 90.6 MPH)
|
Top of the 3rd over - 0 runs, 2 hits, 0 errors, 1 left on base; Portland 0 - Frisco 0 |
BOTTOM OF THE 3RD |
Frisco RoughRiders batting - Pitching for Portland Sea Dogs : RHP John LaMotte
|
Batting: LHB Joseph Martin
|
0-0: Ball 1-0: Foul Ball, location: 2F 1-1: Swinging Strike 1-2: Ball 2-2: Strikes out looking
|
Batting: RHB Darnell Jones
|
0-0: Ball 1-0: Called Strike 1-1: Ball 2-1: Called Strike 2-2: Ball 3-2: DOUBLE (Line Drive, 7LS, EV 90.6 MPH)
|
Batting: RHB Shoh Tanioka
|
0-0: Called Strike 0-1: Fly out, F9 (Flyball, 89XD, EV 86.9 MPH) Runner from 2nd tags up, SAFE at 3rd, no throw by RF
|
Batting: LHB Pauli Gassinger
|
0-0: Called Strike 0-1: Foul Ball, location: 2F 0-2: Ball 1-2: Ball 2-2: Ball 3-2: Ground out 4-3 (Groundball, 4, EV 98.1 MPH)
|
Bottom of the 3rd over - 0 runs, 1 hit, 0 errors, 1 left on base; Portland 0 - Frisco 0 |
TOP OF THE 4TH |
Portland Sea Dogs batting - Pitching for Frisco RoughRiders : RHP Jeff Kidd
|
Batting: LHB Sergio Tinoco
|
0-0: Called Strike 0-1: Ball 1-1: Ball 2-1: Fly out, F8 (Flyball, 8RM, EV 88.1 MPH)
|
Batting: RHB Ernie Genier
|
0-0: Called Strike 0-1: Ball 1-1: Ball 2-1: Ball 3-1: Base on Balls
|
Batting: LHB David Moore
|
0-0: Called Strike 0-1: Foul Ball, location: 2F 0-2: Ball 1-2: Foul Ball, location: 2F 1-2: Foul Ball, location: 2F 1-2: Fielders Choice at 2nd, 5-4 (Groundball, 56, EV 90.0 MPH)
|
Batting: RHB Travis Campbell
|
0-0: Called Strike 0-1: Foul Ball, location: 2F 0-2: Foul Ball, location: 2F 0-2: SINGLE (Groundball, 4M, EV 106.9 MPH) (infield hit) David Moore to second
|
Batting: RHB Alex Melendez
|
0-0: Ball 1-0: Called Strike 1-1: Fly out, F9 (Flyball, 9LS, EV 86.9 MPH)
|
Top of the 4th over - 0 runs, 1 hit, 0 errors, 2 left on base; Portland 0 - Frisco 0 |
BOTTOM OF THE 4TH |
Frisco RoughRiders batting - Pitching for Portland Sea Dogs : RHP John LaMotte
|
Batting: LHB Yasahiko Teshima
|
0-0: Ball 1-0: Foul Ball, location: 2F 1-1: Ball 2-1: Foul Ball, location: 2F 2-2: Ball 3-2: Strikes out looking
|
Batting: LHB Alfonso Collazo
|
0-0: Called Strike 0-1: Called Strike 0-2: Strikes out looking
|
Batting: RHB Sean Neuroth
|
0-0: Swinging Strike 0-1: Swinging Strike 0-2: Ball 1-2: Foul Ball, location: 2F 1-2: Ball 2-2: Foul Ball, location: 2F 2-2: Ball 3-2: Base on Balls
|
Batting: RHB Joe Kemp
|
0-0: Foul Ball, location: 2F 0-1: Ball 1-1: Foul Ball, location: 2F 1-2: Fielders Choice at 2nd, 5-4 (Groundball, 56, EV 85.6 MPH)
|
Bottom of the 4th over - 0 runs, 0 hits, 0 errors, 1 left on base; Portland 0 - Frisco 0 |
TOP OF THE 5TH |
Portland Sea Dogs batting - Pitching for Frisco RoughRiders : RHP Jeff Kidd
|
Batting: RHB Miguel Villanueva
|
0-0: Called Strike 0-1: Ball 1-1: Called Strike 1-2: Strikes out swinging
|
Batting: SHB Gus Cruz
|
0-0: Ball 1-0: Fly out, F4 (Popup, 4S, EV 79.4 MPH)
|
Batting: RHB Frank Sokolosky
|
0-0: Ground out 6-3 (Groundball, 6, EV 100.6 MPH)
|
Top of the 5th over - 0 runs, 0 hits, 0 errors, 0 left on base; Portland 0 - Frisco 0 |
BOTTOM OF THE 5TH |
Frisco RoughRiders batting - Pitching for Portland Sea Dogs : RHP John LaMotte
|
Batting: RHB Matt Sanders
|
0-0: SINGLE (Groundball, 4MD, EV 112.5 MPH)
|
Batting: LHB Joseph Martin
|
0-0: Ball 1-0: Called Strike 1-1: Ball 2-1: Fly out, F9 (Flyball, 9D, EV 105.6 MPH)
|
Batting: RHB Darnell Jones
|
0-0: Ball 1-0: Ball Matt Sanders steals 2nd base 2-0: Fly out, F4 (Popup, 23, EV 90.6 MPH)
|
Batting: RHB Shoh Tanioka
|
0-0: Called Strike 0-1: SINGLE (Line Drive, 8LS, EV 98.8 MPH) Matt Sanders to third Runner from 3rd tries for Home, SAFE, throw by CF to home
|
Batting: LHB Pauli Gassinger
|
0-0: Ball 1-0: Ground out 4-3 (Groundball, 4, EV 97.5 MPH)
|
Bottom of the 5th over - 1 run, 2 hits, 0 errors, 1 left on base; Portland 0 - Frisco 1 |
TOP OF THE 6TH |
Portland Sea Dogs batting - Pitching for Frisco RoughRiders : RHP Jeff Kidd
|
Batting: LHB Dave Reyes
|
0-0: Ball 1-0: Fly out, F9 (Flyball, 9, EV 96.2 MPH)
|
Batting: LHB Sergio Tinoco
|
0-0: Fly out, F5 (Popup, 56S, EV 72.5 MPH)
|
Batting: RHB Ernie Genier
|
0-0: Swinging Strike 0-1: Ball 1-1: Ball 2-1: Ground out 4-3 (Groundball, 4, EV 81.2 MPH)
|
Top of the 6th over - 0 runs, 0 hits, 0 errors, 0 left on base; Portland 0 - Frisco 1 |
BOTTOM OF THE 6TH |
Frisco RoughRiders batting - Pitching for Portland Sea Dogs : RHP John LaMotte
|
Batting: LHB Yasahiko Teshima
|
0-0: Called Strike 0-1: Foul Ball, location: 2F 0-2: Foul Ball, location: 2F 0-2: Foul Ball, location: 2F 0-2: Ball 1-2: TRIPLE (Flyball, 9LD, EV 109.4 MPH)
|
Batting: LHB Alfonso Collazo
|
0-0: Ball 1-0: Ball 2-0: Ball 3-0: DOUBLE (Flyball, 8LXD, EV 108.8 MPH) Yasahiko Teshima scores
|
Batting: RHB Sean Neuroth
|
0-0: DOUBLE (Line Drive, 9LS, EV 114.4 MPH) Alfonso Collazo scores
|
Batting: RHB Joe Kemp
|
0-0: Ball 1-0: Ball 2-0: Swinging Strike 2-1: Ground out 6-3 (Groundball, 6, EV 89.4 MPH) Sean Neuroth to third
|
Batting: RHB Matt Sanders
|
0-0: Ground out 3-1 (Groundball, 34, EV 85.6 MPH) Sean Neuroth scores
|
Batting: LHB Joseph Martin
|
0-0: Foul Ball, location: 2F 0-1: Swinging Strike 0-2: DOUBLE (Flyball, 78D, EV 91.9 MPH)
|
Batting: RHB Darnell Jones
|
0-0: Called Strike 0-1: Ball 1-1: DOUBLE (Flyball, 89D, EV 103.1 MPH) Joseph Martin scores
|
Pitching: LHP Kevin Turner
|
|
Batting: RHB Shoh Tanioka
|
0-0: Called Strike 0-1: Foul Ball, location: 2F 0-2: Foul Ball, location: 2F 0-2: Strikes out swinging, 2-3 out at first.
|
Bottom of the 6th over - 4 runs, 5 hits, 0 errors, 1 left on base; Portland 0 - Frisco 5 |
TOP OF THE 7TH |
Portland Sea Dogs batting - Pitching for Frisco RoughRiders : RHP Jeff Kidd
|
Batting: LHB David Moore
|
0-0: Called Strike 0-1: Ball 1-1: Ball 2-1: Foul Ball, location: 2F 2-2: Ball 3-2: Strikes out swinging
|
Batting: RHB Travis Campbell
|
0-0: Ground out 5-3 (Groundball, 56, EV 103.1 MPH)
|
Batting: RHB Alex Melendez
|
0-0: Called Strike 0-1: Swinging Strike 0-2: Ball 1-2: Strikes out swinging
|
Top of the 7th over - 0 runs, 0 hits, 0 errors, 0 left on base; Portland 0 - Frisco 5 |
BOTTOM OF THE 7TH |
Frisco RoughRiders batting - Pitching for Portland Sea Dogs : LHP Kevin Turner
|
Batting: LHB Pauli Gassinger
|
0-0: Ball 1-0: Ball 2-0: Foul Ball, location: 2F 2-1: Called Strike 2-2: Foul Ball, location: 2F 2-2: Strikes out swinging
|
Batting: LHB Yasahiko Teshima
|
0-0: Ball 1-0: Ball 2-0: Foul Ball, location: 2F 2-1: Ball 3-1: Base on Balls
|
Batting: LHB Alfonso Collazo
|
0-0: Called Strike Yasahiko Teshima steals 2nd base 0-1: Ball Yasahiko Teshima is caught stealing 3rd base 2-5 1-1: Ground out 4-3 (Groundball, 4, EV 86.2 MPH)
|
Bottom of the 7th over - 0 runs, 0 hits, 0 errors, 0 left on base; Portland 0 - Frisco 5 |
TOP OF THE 8TH |
Portland Sea Dogs batting - Pitching for Frisco RoughRiders : RHP Jeff Kidd
|
Batting: RHB Miguel Villanueva
|
0-0: Ball 1-0: Swinging Strike 1-1: Foul Ball, location: 2F 1-2: Ball 2-2: Ball 3-2: Strikes out swinging
|
Batting: SHB Gus Cruz
|
0-0: Called Strike 0-1: Foul Ball, location: 2F 0-2: Ball 1-2: Ground out U3 (Groundball, 3S, EV 83.1 MPH)
|
Batting: RHB Frank Sokolosky
|
0-0: SINGLE (Groundball, 6MD, EV 95.0 MPH)
|
Batting: LHB Dave Reyes
|
0-0: Foul Ball, location: 2F 0-1: Ball 1-1: Fly out, F7 (Flyball, 7, EV 98.8 MPH)
|
Top of the 8th over - 0 runs, 1 hit, 0 errors, 1 left on base; Portland 0 - Frisco 5 |
BOTTOM OF THE 8TH |
Frisco RoughRiders batting - Pitching for Portland Sea Dogs : LHP Kevin Turner
|
Batting: RHB Sean Neuroth
|
0-0: Ground out 6-3 (Groundball, 6, EV 86.9 MPH)
|
Batting: RHB Joe Kemp
|
0-0: Fly out, F8 (Flyball, 8LD, EV 98.1 MPH)
|
Batting: RHB Matt Sanders
|
0-0: Foul Ball, location: 2F 0-1: Swinging Strike 0-2: Ground out 1-3 (Groundball, P, EV 68.8 MPH)
|
Bottom of the 8th over - 0 runs, 0 hits, 0 errors, 0 left on base; Portland 0 - Frisco 5 |
TOP OF THE 9TH |
Portland Sea Dogs batting - Pitching for Frisco RoughRiders : RHP Jeff Kidd
|
Batting: LHB Sergio Tinoco
|
0-0: Called Strike 0-1: Ball 1-1: Foul Ball, location: 2F 1-2: Strikes out swinging
|
Batting: RHB Ernie Genier
|
0-0: Ball 1-0: Foul Ball, location: 2F 1-1: Ball 2-1: Ground out 4-3 (Groundball, 4D, EV 106.9 MPH)
|
Batting: LHB David Moore
|
0-0: Ball 1-0: Foul Ball, location: 2F 1-1: Swinging Strike 1-2: Foul Ball, location: 2F 1-2: Ball 2-2: SINGLE (Groundball, 56D, EV 95.6 MPH)
|
Batting: RHB Travis Campbell
|
0-0: Ball 1-0: Ball 2-0: Ball 3-0: Base on Balls David Moore to second
|
Batting: RHB Alex Melendez
|
0-0: Called Strike 0-1: Ball 1-1: Ball 2-1: Ball 3-1: Ground out 3-1 (Groundball, 13, EV 85.6 MPH)
|
Top of the 9th over - 0 runs, 1 hit, 0 errors, 2 left on base; Portland 0 - Frisco 5 |
|